 Dungeon Crawl Stone Soup version 0.27-a0-1200-g94dc6ad4cf (webtiles) character file.

Game seed: 1503680195529489302

105 openice22 the Skirmisher (level 4, -2/40 HPs)
             Began as a Hill Orc Fighter on June 1, 2021.
             Was an Initiate of Yredelemnul.
             Slain by hgbash's ghost (8 damage)
             ... on level 4 of the Dungeon.
             The game lasted 01:04:54 (2741 turns).

openice22 the Skirmisher (Hill Orc Fighter)         Turns: 2741, Time: 01:04:55

Health: -2/40      AC:  8    Str: 24    XL:     4   Next: 81%
Magic:  4/4        EV:  7    Int:  9    God:    Yredelemnul [......]
Gold:   0          SH: 14    Dex: 10    Spells: 3/3 levels left

rFire    . . .     SeeInvis .   a - +0 war axe
rCold    + . .     Faith    .   c - +0 kite shield
rNeg     . . .     Spirit   .   b - +0 scale mail
rPois    .         Reflect  +   A - +0 helmet
rElec    .         Harm     .   (no cloak)
rCorr    .         Rampage  .   (no gloves)
Will     .....                  (no boots)
Stlth    ..........             g - amulet of reflection
HPRegen  0.13/turn              k - ring of protection from cold
MPRegen  0.09/turn              M - +6 ring of strength

@: no status effects
A: no striking features
a: Renounce Religion


You were on level 4 of the Dungeon.
You worshipped Yredelemnul.
Yredelemnul was noncommittal.
You visited 1 branch of the dungeon, and saw 4 of its levels.

You collected 54 gold pieces.
You spent 54 gold pieces at shops.

Inventory:

Hand Weapons
 a - a +0 war axe (weapon)
 e - a +0 dagger
 f - a +0 hunting sling
 l - a +0 dagger
 p - a +0 whip
 r - a +0 dagger
 w - a +0 short sword
 z - a +0 short sword
 D - a +0 flail
 F - a +3 quarterstaff of chaos
Missiles
 j - 3 silver boomerangs (quivered)
 n - 31 arrows
 s - 49 stones
 u - a throwing net
 v - 8 javelins
 y - 29 bolts
 I - 21 sling bullets
Armour
 b - a +0 scale mail (worn)
 c - a +0 kite shield (worn)
 o - a +0 chain mail
 A - a +0 helmet (worn)
 E - a scarf of invisibility
 G - a +1 cloak of stealth
 K - a scarf of shadows
Magical Staves
 H - a staff of cold
Jewellery
 g - an amulet of reflection (around neck)
 k - a ring of protection from cold (left hand)
 M - a +6 ring of strength (right hand)
Scrolls
 h - a scroll of identify {unknown}
 i - 2 scrolls of amnesia {unknown}
 t - a scroll of enchant armour {unknown}
 C - a scroll of noise {unknown}
 L - a scroll of teleportation {unknown}
Potions
 d - a potion of might
 m - a potion of curing {unknown}
 q - a potion of mutation {unknown}
 x - a potion of berserk rage {unknown}
 B - a potion of flight {unknown}
 J - a potion of heal wounds


   Skills:
 + Level 4.1 Fighting
 + Level 3.5 Axes
 + Level 0.5 Throwing
 + Level 4.1 Armour
 + Level 1.1 Stealth
 + Level 4.0 Shields


You had 3 spell levels left.
You didn't know any spells.
Your spell library was empty.

Dungeon Overview and Level Annotations

Branches:
Dungeon (4/15)
 Temple: D:4-7

Altars:
Kikubaaqudgha
Ru
Vehumet
Yredelemnul

Shops:
D:3 =[(:*

Annotations:
D:1 Downstairs in 1st room. Poison court > downstairs
D:2 D2 Fully explored
D:3 Lots of altars. as explored as poss
D:4 hgbash's ghost, amateur DECj


Message History

Yredelemnul accepts your kill.
You slash the hobgoblin!
You kill the hobgoblin!
Yredelemnul accepts your kill. You block hgbash's ghost's attack.
You hit hgbash's ghost.
Hgbash's ghost is lightly damaged.
Hgbash's ghost gestures at you while chanting.
The magic dart hits you. Hgbash's ghost barely misses you.
You closely miss hgbash's ghost.
Hgbash's ghost is lightly damaged.
Hgbash's ghost hits you but does no damage.
You closely miss hgbash's ghost.
Hgbash's ghost is lightly damaged.
You block hgbash's ghost's attack. Hgbash's ghost hits you.
Hgbash's ghost burns you.
You barely miss hgbash's ghost.
Hgbash's ghost is lightly damaged.
Hgbash's ghost points at you and mumbles some strange words.
The magic dart hits you.
You hit hgbash's ghost.
Hgbash's ghost is lightly damaged.
You block hgbash's ghost's attack.
Hgbash's ghost points at you and mumbles some strange words.
The magic dart hits you.
You closely miss hgbash's ghost.
Hgbash's ghost is lightly damaged.
Hgbash's ghost casts a spell at you. The magic dart hits you.
You hit hgbash's ghost but do no damage.
Hgbash's ghost is lightly damaged.
Hgbash's ghost hits you. Hgbash's ghost burns you.
Hgbash's ghost screams, "You must not succeed where I failed!"
Hgbash's ghost hits you!
* * * LOW HITPOINT WARNING * * *
Hgbash's ghost burns you.
* * * LOW HITPOINT WARNING * * *
Hgbash's ghost hits you!
You die...
Your body rises from the dead as a mindless zombie.

.. ..# ### ....
..# #######.#
....[.#.#
#..#.########
$###..'.<.......
(.....†@..##....
.###..W.#.# .
#..#.#.#
......#....
#######...#.
.... ....... ###
##...... >##!.
.. ..#


You could see hgbash's ghost.

Vanquished Creatures
  Crazy Yiuf (D:2)
  2 adders (D:2)
  3 dart slugs
  An orc (D:3)
  7 bats (D:1)
  2 endoplasms
  A giant cockroach (D:2)
  5 goblins
  6 hobgoblins
  3 jackals (D:2)
  5 kobolds
  A quokka (D:1)
  5 ball pythons
  8 rats
50 creatures vanquished.

Vanquished Creatures (others)
  2 demonic plants (D:1)
  4 fungi (D:1)
  A plant (D:1)
  A withered plant (D:1)
8 creatures vanquished.

Grand Total: 58 creatures vanquished

Notes
Turn   | Place    | Note
-------+----------+-------------------------------------------
     0 | D:1      | openice22 the Hill Orc Fighter began the quest for the Orb.
     0 | D:1      | Reached XP level 1. HP: 19/19 MP: 1/1
   248 | D:1      | Reached XP level 2. HP: 27/27 MP: 2/2
   586 | D:1      | Found a faded altar of an unknown god.
   823 | D:2      | Reached XP level 3. HP: 27/33 MP: 3/3
  1163 | D:2      | Reached XP level 4. HP: 29/40 MP: 4/4
  1403 | D:2      | Found a runed translucent door.
  1404 | D:2      | Noticed Crazy Yiuf
  1418 | D:2      | Killed Crazy Yiuf
  1419 | D:2      | Reached skill level 1 in Stealth
  1691 | D:3      | Found Heyt's Antique Weapon Boutique.
  1740 | D:3      | Found a faded altar of an unknown god.
  1740 | D:3      | Found a sacrificial altar of Ru.
  1748 | D:3      | Found a faded altar of an unknown god.
  1755 | D:3      | Found a radiant altar of Vehumet.
  1757 | D:3      | Found a basalt altar of Yredelemnul.
  1788 | D:3      | Became a worshipper of Yredelemnul the Dark
  1849 | D:3      | Found an ancient bone altar of Kikubaaqudgha.
  1858 | D:3      | Found Turhib's Assorted Antiques.
  2001 | D:3      | Found Hagi's Book Boutique.
  2038 | D:3      | Found Kuelluah's Armour Shop.
  2270 | D:3      | Found Gash's Jewellery Shoppe.
  2681 | D:3      | Bought a +0 chain mail for 54 gold pieces
  2728 | D:4      | Found a runed translucent gate.
  2728 | D:4      | Found a runed translucent gate.
  2728 | D:4      | Found a runed translucent gate.
  2728 | D:4      | Noticed hgbash's ghost (amateur DECj)
  2741 | D:4      | Slain by hgbash's ghost

Illustrated notes

Levels and vault maps discovered:
D:1:      amcnicky_arrival_choice, layout_basic, shapermc_ecumenical_altar_gd,
          supply_closet_lemuel
D:2:      layout_rooms, hex_tiny, uniq_crazy_yiuf_cottage
D:3:      layout_loops_ring, lemuel_tele_altar,
          chequers_temple_overflow_minitemple, serial_shops, nicolae_shop_stone,
          nicolae_shop_waterfront, nicolae_shop_window_shopping,
          nicolae_shop_stone, shop, chequers_serial_rivers_large_a
D:4:      layout_loops_ring, gammafunk_ghost_split, uniq_natasha, uniq_pikel

Skill      XL: |  1  2  3  4 |
---------------+-------------+-----
Fighting       | 4 |  4.1
Axes           | 3 |  3.5
Armour         | 4 |  4.1
Stealth        | 1 |  1.1
Shields        | 4 |  4.0
Throwing       | |  0.5

Action                   |  1- 3 |  4- 6 || total
-------------------------+-------+-------++-------
Melee: War axe           |    75 |    41 ||   116
Throw: Boomerang         |    43 |     3 ||    46
Armor: Scale mail        |    65 |     6 ||    71
Dodge: Dodged            |    37 |     6 ||    43
Block: Kite shield       |    83 |    34 ||   117
       Reflection        |     4 |     6 ||    10

Table legend: (Time is in decaauts)
 A = Elapsed time spent in this place.
 B = Non-inter-level travel time spent in this place.
 C = Inter-level travel time spent in this place.
 D = Time resting spent in this place.
 E = Time spent auto-exploring this place.
 F = Levels seen in this place.
 G = Mean time per level.
                   A        B        C        D        E       F      G
               +--------+--------+--------+--------+--------+-----+--------+
         Total |   2865 |   2842 |     23 |      0 |   1455 |   4 |  716.2 |
       Dungeon |   2865 |   2842 |     23 |      0 |   1455 |   4 |  716.2 |
               +--------+--------+--------+--------+--------+-----+--------+

Top non-repeatable levels by time:
     D:3: 1073 daAuts
     D:1: 964 daAuts
     D:2: 810 daAuts
     D:4: 17 daAuts
